Map: Jagannatha LE

Players

DisK

  • Race: Protoss Protoss
  • Spawn Location: 7:00

Nina - Winner!

  • Race: Protoss Protoss
  • League: Grandmaster
  • Spawn Location: 1:00

Event: DreamHack SC2 Masters 2020 Winter

VOD

Have the link to the VOD?

Description

Time

  • Played on: Oct. 30, 2020, 3:38 p.m.
  • Length: 16:56

All games in this series

Show
View Real Time Build Order
Export as new Build Order

DisK Protoss 

Build Orders: Phoenix Opening 

Get SALT Encoding   

  12  0:00  Probe  
  13  0:12  Probe  
  14  0:17  Pylon  
  14  0:24  Probe  
  15  0:35  Gateway  
  15  0:37  Probe (Chrono Boost)  
  16  0:47  Assimilator, Probe (Chrono Boost)  
  17  0:52  Probe (Chrono Boost)  
  17  0:55  Assimilator  
  18  1:04  Probe (Chrono Boost)  
  19  1:10  Gateway  
  19  1:13  Probe (Chrono Boost)  
  20  1:19  Probe  
  20  1:24  Cybernetics Core  
  21  1:31  Probe  
  22  1:35  Pylon  
  22  1:43  Probe  
  23  1:56  Probe  
  24  2:03  Stalker, Sentry  
  24  2:04  Warp Gate  
  28  2:09  Probe  
  28  2:15  Pylon  
  29  2:24  Pylon  
  29  2:28  Probe  
  30  2:33  Stalker x2  
  34  2:38  Phoenix  
  34  2:53  Nexus  
  34  2:59  Shield Battery  
  34  3:07  Sentry  
  34  3:08  Sentry  
  34  3:11  Pylon  
  38  3:14  Probe  
  39  3:29  Robotics Facility  
  39  3:31  Probe (Chrono Boost)  
  40  3:40  Probe (Chrono Boost)  
  41  3:45  Probe (Chrono Boost)  
  42  3:52  Adept x2  
  46  3:58  Forge, Probe (Chrono Boost)  
  47  4:06  Probe (Chrono Boost)  
  49  4:10  Probe (Chrono Boost)  
  49  4:16  Probe (Chrono Boost)  
  51  4:17  Probe (Chrono Boost)  
  51  4:20  Protoss Ground Weapons Level 1  
  51  4:21  Probe (Chrono Boost)  
  51  4:23  Probe  
  52  4:30  Twilight Council  
  53  4:32  Probe  
  53  4:36  Probe  
  55  4:41  Immortal  
  55  4:44  Phoenix, Probe  
  60  4:48  Assimilator, Probe  
  60  4:51  Assimilator  
  61  4:56  Probe  
  62  5:00  Probe  
  62  5:05  Pylon, Blink (Chrono Boost)  
  60  5:09  Probe  
  60  5:11  Stalker  
  61  5:22  Observer  
  61  5:23  Gateway x2  
  61  5:27  Pylon  
  62  5:29  Probe x2  
  64  5:39  Nexus  
  64  5:42  Probe x2  
  66  5:47  Stalker  
  66  5:58  Pylon, Probe x2  
  68  6:04  Gateway  
  68  6:05  Gateway  
  68  6:13  Probe x2  
  70  6:19  Stalker x2  
  70  6:20  Stalker  
  76  6:29  Pylon  
  72  6:34  Pylon  
  72  6:45  Immortal (Chrono Boost)  
  72  6:47  Probe x2  
  72  6:48  Shield Battery  
  72  6:51  Stalker x3  
  72  6:54  Probe  
  85  6:56  Charge (Chrono Boost)  
  85  7:03  Probe x2  
  85  7:05  Stalker  
  85  7:06  Probe  
  90  7:14  Robotics Bay  
  90  7:15  Protoss Ground Weapons Level 2 (Chrono Boost)  
  90  7:23  Stalker  
  92  7:33  Pylon  
  92  7:36  Pylon  
  82  7:37  Stalker x2  
  82  7:38  Stalker  
  87  7:48  Pylon  
  87  7:49  Probe x2  
  87  7:50  Probe  
  89  7:54  Pylon  
  89  8:01  Robotics Facility, Probe  
  89  8:02  Probe  
  89  8:04  Robotics Facility  
  89  8:05  Adept x2  
  95  8:07  Probe  
  96  8:12  Zealot x2  
  96  8:13  Pylon  
  96  8:14  Probe x2  
  96  8:29  Stalker x4  
  96  8:31  Probe x3  
  107  8:36  Photon Cannon  
  107  8:37  Photon Cannon  
  106  8:43  Probe  
  101  8:52  Photon Cannon  
  101  8:54  Disruptor (Chrono Boost), Observer  
  103  8:55  Stalker x3  
  103  8:56  Stalker  
  103  8:59  Assimilator  
  103  9:01  Assimilator  
  111  9:05  Pylon  
  111  9:07  Stalker  
  111  9:08  Stalker  
  115  9:15  Disruptor (Chrono Boost)  
  115  9:17  Shield Battery  
  118  9:34  Disruptor  
  118  9:35  Stalker x4  
  129  9:39  Pylon  
  129  9:40  Pylon  
  129  9:45  Protoss Ground Weapons Level 3 (Chrono Boost)  
  129  9:46  Probe x2  
  129  9:48  Pylon  
  129  10:03  Disruptor  
  129  10:04  Pylon  
  129  10:06  Gateway  
  132  10:08  Gateway  
  132  10:10  Disruptor  
  132  10:12  Nexus  
  135  10:17  Pylon  
  135  10:23  Stalker x3  
  135  10:27  Stalker  
  143  10:33  Stalker x2  
  147  10:41  Observer  
  147  10:45  Pylon  
  147  10:50  Pylon  
  147  10:55  Photon Cannon  
  147  10:56  Photon Cannon x2  
  147  11:00  Shield Battery  
  147  11:05  Disruptor  
  147  11:06  Stalker x5, Observer  
  160  11:29  Nexus  
  160  11:30  Pylon  
  158  11:36  Stalker  
  158  11:37  Stalker x5  
  168  11:53  Stalker x2  
  116  11:54  Disruptor x2  
  116  12:00  Stalker x3  
  122  12:13  Stalker x5  
  132  12:25  Stalker x3  
  131  12:50  Stalker x8  
  147  13:08  Nexus  
  147  13:10  Pylon  
  146  13:15  Stalker  
  146  13:16  Stalker x5  
  146  13:18  Stalker  
  160  13:31  Stargate  
  156  13:36  Dark Shrine  
  156  13:37  Disruptor x2 (Chrono Boost), Zealot  
  164  13:47  Zealot x3  
  144  14:14  Stalker  
  144  14:15  Stalker x7, Disruptor x2 (Chrono Boost)  
  151  15:18  Stalker x7  
  151  15:19  Stalker  
  144  15:49  Stalker x6  
  159  16:00  Nexus  
  159  16:03  Disruptor x2 (Chrono Boost)  
  145  16:12  Pylon  
  107  16:50  Stalker  
  107  16:51  Stalker x5  
Show
View Real Time Build Order
Export as new Build Order

Nina Protoss - Winner!

Build Orders: Phoenix Opening, Blink Stalkers 

Get SALT Encoding   

  12  0:00  Probe  
  13  0:12  Probe  
  14  0:18  Pylon  
  14  0:24  Probe (Chrono Boost)  
  15  0:36  Probe (Chrono Boost)  
  15  0:37  Gateway  
  16  0:45  Probe (Chrono Boost)  
  16  0:46  Assimilator  
  17  0:51  Probe  
  17  0:55  Assimilator  
  18  1:03  Probe (Chrono Boost)  
  19  1:10  Gateway  
  19  1:13  Probe (Chrono Boost)  
  19  1:18  Probe (Chrono Boost)  
  20  1:25  Cybernetics Core  
  21  1:30  Probe  
  22  1:33  Pylon  
  22  1:42  Probe  
  23  1:57  Probe  
  24  2:02  Stalker  
  24  2:03  Stalker, Warp Gate  
  28  2:10  Pylon  
  28  2:12  Probe  
  29  2:25  Probe  
  29  2:27  Pylon  
  30  2:33  Sentry  
  32  2:45  Sentry  
  32  2:48  Nexus  
  32  2:50  Probe  
  35  3:02  Twilight Council, Probe  
  36  3:06  Phoenix  
  36  3:11  Pylon  
  36  3:14  Probe  
  37  3:22  Shield Battery  
  37  3:26  Probe  
  38  3:32  Forge  
  38  3:38  Probe  
  39  3:42  Blink  
  39  3:50  Probe (Chrono Boost)  
  39  3:51  Stalker  
  44  4:03  Protoss Ground Weapons Level 1 (Chrono Boost), Probe (Chrono Boost)  
  44  4:06  Probe (Chrono Boost)  
  44  4:09  Probe (Chrono Boost)  
  45  4:13  Probe (Chrono Boost)  
  45  4:16  Adept  
  48  4:17  Adept, Probe  
  48  4:22  Shield Battery  
  51  4:25  Probe  
  52  4:32  Probe  
  52  4:37  Gateway, Probe  
  52  4:38  Shield Battery  
  54  4:39  Stalker  
  54  4:42  Stalker  
  58  4:46  Probe  
  58  4:47  Phoenix  
  58  4:48  Pylon  
  58  4:50  Probe  
  60  4:53  Shield Battery  
  60  4:58  Probe  
  61  5:02  Probe  
  58  5:10  Assimilator, Probe  
  58  5:11  Stalker x2  
  63  5:14  Probe  
  63  5:21  Assimilator, Pylon  
  64  5:22  Probe  
  64  5:26  Probe  
  66  5:33  Nexus  
  66  5:42  Gateway  
  66  5:43  Gateway  
  66  5:45  Probe x2  
  68  5:57  Stalker x3, Probe  
  68  5:58  Probe  
  68  6:02  Robotics Facility, Protoss Ground Weapons Level 2 (Chrono Boost)  
  76  6:09  Probe  
  76  6:10  Probe  
  78  6:16  Photon Cannon  
  78  6:34  Pylon  
  78  6:37  Gateway  
  78  6:42  Gateway  
  78  6:44  Probe  
  78  6:46  Stalker x2, Pylon  
  78  6:47  Stalker x2  
  87  6:50  Observer (Chrono Boost)  
  88  6:55  Probe  
  88  7:00  Photon Cannon  
  89  7:02  Probe  
  89  7:03  Probe  
  89  7:08  Photon Cannon  
  91  7:09  Adept  
  91  7:10  Adept  
  91  7:12  Probe  
  96  7:16  Probe  
  97  7:40  Stalker x6  
  97  7:43  Assimilator  
  109  7:45  Assimilator  
  109  7:48  Probe x2  
  107  7:52  Charge  
  107  7:53  Pylon, Probe  
  107  7:54  Pylon  
  107  7:57  Photon Cannon  
  108  7:59  Shield Battery  
  108  8:02  Pylon  
  109  8:06  Pylon  
  109  8:12  Stalker x4  
  112  8:13  Stalker x2  
  102  8:29  Probe  
  102  8:30  Probe  
  102  8:32  Protoss Ground Weapons Level 3 (Chrono Boost)  
  104  8:34  Robotics Bay  
  104  8:41  Nexus  
  103  8:43  Stalker x2  
  102  8:55  Pylon  
  102  8:57  Stalker x4  
  111  9:02  Observer (Chrono Boost)  
  111  9:03  Robotics Facility  
  111  9:10  Probe, Dark Shrine  
  111  9:11  Probe  
  111  9:15  Stalker x2  
  111  9:16  Stalker  
  119  9:21  Stalker  
  119  9:22  Stalker  
  123  9:25  Probe  
  123  9:26  Probe  
  123  9:29  Photon Cannon  
  123  9:30  Probe  
  126  9:39  Disruptor (Chrono Boost)  
  129  9:46  Probe  
  129  9:47  Disruptor (Chrono Boost)  
  129  9:49  Photon Cannon  
  129  9:52  Pylon  
  133  10:04  Probe  
  133  10:06  Disruptor  
  132  10:09  Photon Cannon  
  132  10:10  Pylon  
  132  10:13  Probe x2  
  137  10:15  Assimilator, Disruptor  
  137  10:19  Assimilator  
  137  10:20  Stalker x4  
  148  10:24  Photon Cannon, Probe x2  
  148  10:25  Probe  
  151  10:29  Dark Templar  
  151  10:32  Shadow Stride  
  153  10:42  Dark Templar, Disruptor  
  158  10:47  Probe x2  
  160  10:51  Gateway, Disruptor  
  163  11:02  Stalker x5  
  169  11:18  Disruptor  
  169  11:27  Disruptor  
  169  11:29  Stalker x3  
  169  11:30  Stalker  
  178  11:53  Disruptor  
  160  11:57  Stalker x6  
  160  11:58  Stalker x2  
  176  12:03  Observer  
  177  12:15  Nexus  
  177  12:17  Pylon  
  177  12:18  Pylon  
  177  12:19  Protoss Shields Level 1 (Chrono Boost)  
  165  12:24  Disruptor  
  165  12:29  Disruptor  
  171  12:30  Stalker x4  
  147  12:46  Stalker x4  
  153  12:54  Stalker x4  
  161  12:59  Pylon  
  161  13:00  Pylon, Observer  
  161  13:01  Stargate  
  161  13:04  Stargate  
  158  13:13  Zealot x4  
  158  13:15  Observer  
  167  13:22  Observer  
  167  13:23  Zealot x4  
  176  13:33  Photon Cannon  
  168  13:35  Photon Cannon  
  168  13:37  Dark Templar  
  168  13:38  Dark Templar x3  
  176  13:49  Fleet Beacon  
  174  14:02  Protoss Air Weapons Level 1 (Chrono Boost)  
  167  14:15  Stalker x8  
  183  14:21  Gateway  
  183  14:22  Gateway  
  183  14:24  Stargate  
  183  14:27  Stargate  
  183  14:50  Carrier x2 (Chrono Boost)  
  178  15:11  Carrier (Chrono Boost)  
  170  15:21  Stalker x4  
  170  15:22  Stalker x5, Carrier (Chrono Boost)  
  170  15:26  Assimilator  
  185  15:28  Assimilator  
  185  15:32  Photon Cannon  
  173  15:38  Disruptor x2  
  173  15:41  Carrier (Chrono Boost)  
  146  16:07  Stalker x7  
  175  16:46  Stalker x4  
Tags
 
Add a new tag
Caveats
  • Supply blocks, unpowered buildings, or Contaminate may cause inaccurate times.
  • Supply counts are checked every 10 seconds.